Map: Abiogenesis LE

Players

Nice - Winner!

  • Race: Protoss Protoss
  • Spawn Location: 11:00

Harstem

  • Race: Protoss Protoss
  • Spawn Location: 5:00

Event: WCS Leipzig 2018

VOD

Have the link to the VOD?

Description

Time

  • Played on: Jan. 26, 2018, 2:14 p.m.
  • Length: 5:34

All games in this series

Show
View Real Time Build Order
Export as new Build Order

Nice Protoss - Winner!

Build Orders:  

Get SALT Encoding   

  12  0:00  Probe  
  13  0:13  Probe  
  14  0:17  Pylon  
  14  0:25  Probe (Chrono Boost)  
  15  0:37  Probe (Chrono Boost)  
  15  0:39  Gateway  
  16  0:44  Probe (Chrono Boost)  
  17  0:51  Probe  
  17  0:53  Assimilator  
  18  0:57  Assimilator  
  18  1:03  Probe (Chrono Boost)  
  19  1:07  Gateway  
  19  1:15  Probe (Chrono Boost)  
  20  1:21  Probe (Chrono Boost)  
  21  1:26  Cybernetics Core  
  21  1:30  Probe  
  22  1:36  Pylon  
  22  1:42  Probe  
  23  1:54  Probe  
  23  1:57  Warp Gate (Chrono Boost)  
  24  2:02  Stalker x2  
  28  2:12  Pylon  
  28  2:19  Pylon  
  28  2:29  Robotics Facility  
  28  2:37  Stalker  
  28  2:39  Stalker  
  32  2:56  Gateway  
  32  3:07  Gateway  
  32  3:16  Warp Prism  
  34  3:20  Pylon  
  34  3:48  Stalker x2  
  36  3:50  Stalker  
  40  4:02  Stalker  
  42  4:05  Observer, Pylon  
  43  4:18  Sentry  
  43  4:19  Sentry  
  47  4:45  Zealot x4  
  53  5:06  Zealot x2  
  53  5:07  Zealot  
  55  5:08  Sentry  
  45  5:31  Zealot x3  
  45  5:34  Zealot  
Show
View Real Time Build Order
Export as new Build Order

Harstem Protoss 

Build Orders:  

Get SALT Encoding   

  12  0:00  Probe  
  13  0:12  Probe  
  14  0:17  Pylon  
  14  0:24  Probe (Chrono Boost)  
  15  0:37  Probe (Chrono Boost), Gateway  
  16  0:45  Probe (Chrono Boost)  
  17  0:51  Probe (Chrono Boost)  
  17  0:54  Assimilator  
  18  0:58  Assimilator  
  18  1:03  Probe (Chrono Boost)  
  19  1:10  Gateway  
  20  1:12  Probe (Chrono Boost)  
  20  1:17  Probe  
  20  1:24  Cybernetics Core  
  21  1:29  Probe  
  22  1:34  Pylon  
  22  1:41  Probe  
  23  1:56  Warp Gate (Chrono Boost)  
  23  2:01  Stalker  
  23  2:03  Sentry  
  23  2:07  Probe  
  28  2:17  Pylon  
  28  2:19  Probe  
  29  2:29  Stalker  
  31  2:35  Stalker  
  33  2:51  Nexus  
  33  3:03  Shield Battery  
  33  3:05  Stalker  
  33  3:12  Shield Battery  
  35  3:16  Probe  
  36  3:28  Probe  
  36  3:30  Robotics Facility  
  37  3:40  Forge  
  37  3:44  Probe  
  38  4:02  Shield Battery  
  38  4:03  Sentry  
  38  4:04  Stalker  
  38  4:07  Shield Battery  
  42  4:14  Shield Battery  
  42  4:16  Immortal (Chrono Boost)  
  46  4:27  Sentry  
  46  4:30  Sentry  
  50  4:33  Pylon  
  49  4:51  Immortal (Chrono Boost)  
  49  5:04  Gateway  
  49  5:06  Pylon  
  38  5:19  Pylon  
Tags
 
Add a new tag
Caveats
  • Supply blocks, unpowered buildings, or Contaminate may cause inaccurate times.
  • Supply counts are checked every 10 seconds.